 Dungeon Crawl Stone Soup version 0.20.1-1-g8b1a95d (webtiles) character file.

67 Romulous the Covered (level 3, 33/33 HPs)
             Began as a Minotaur Fighter on Oct 10, 2017.
             Was a Follower of Trog.
             Got out of the dungeon alive.
             The game lasted 00:11:31 (1910 turns).

Romulous the Covered (Minotaur Fighter)             Turns: 1910, Time: 00:11:32

Health: 33/33      AC:  7    Str: 21    XL:     3   Next: 98%
Magic:  2/2        EV:  7    Int:  5    God:    Trog [*.....]
Gold:   198        SH:  9    Dex:  9    Spells: 2/2 levels left

rFire    + . .     SeeInvis .   a - +0 war axe
rCold    x . .     Gourm    .   c - +0 shield
rNeg     . . .     Faith    +   b - +0 scale mail
rPois    .         Spirit   .   (helmet restricted)
rElec    .         Reflect  .   (no cloak)
rCorr    .         Harm     .   (no gloves)
MR       .....                  (no boots)
Stlth    ..........             k - amulet of faith
Regen    0.2/turn               o - ring of fire
MPRegen  0.1/turn               (no ring)

@: no status effects
A: retaliatory headbutt, horns 2
a: Berserk, Burn Spellbooks, Renounce Religion


You escaped.
You worshipped Trog.
Trog was aware of your devotion.
You were not hungry.

You visited 1 branch of the dungeon, and saw 2 of its levels.

You collected 198 gold pieces.

Inventory:

Hand Weapons
 a - a +0 war axe (weapon)
Armour
 b - a +0 scale mail (worn)
 c - a +0 shield (worn)
 l - a +0 pair of gloves
Jewellery
 k - an amulet of faith (around neck)
 o - a ring of fire (left hand)
Wands
 p - a wand of random effects (18/48)
Scrolls
 e - 2 scrolls of remove curse {unknown}
 f - 2 scrolls of identify {unknown}
 g - 2 scrolls of fog {unknown}
 j - a scroll of enchant weapon {unknown}
 m - a scroll of teleportation {unknown}
 r - 2 scrolls of amnesia {unknown}
 t - a scroll of recharging {unknown}
 u - a scroll of immolation {unknown}
Potions
 d - a potion of might
 n - a potion of agility {unknown}
Comestibles
 h - a meat ration
 i - a fruit
 q - a chunk of flesh
 s - a bread ration


   Skills:
 + Level 4.0 Fighting
 + Level 3.7 Axes
 + Level 4.2 Armour
 + Level 0.2 Dodging
 + Level 4.2 Shields


You had 2 spell levels left.
You didn't know any spells.

Dungeon Overview and Level Annotations

Branches:
Dungeon (2/15)

Altars:
Hepliaklqana
Trog
Xom


Innate Abilities, Weirdness & Mutations

You reflexively headbutt those who attack you in melee.
You have a pair of horns on your head.


Message History

You now have 198 gold pieces (gained 6).
Some of the chunks of flesh in your inventory have rotted away.
You see here 18 stones.
Found a ring mail.
You see here a ring mail.
You see here a ring mail.
You see here 18 stones.
There is a stone staircase leading down here.
There is a stone staircase leading up here.
You climb upwards.
There is a stone staircase leading down here.
You see here a robe.
There is an open door here.
There is an open door here.
There is an open door here.
There is a large open door here.
There is an open door here.
There is a staircase leading out of the dungeon here.
Are you sure you want to leave the Dungeon?
This will make you lose the game!
You have escaped!

#.......## #......)..####...#
##.......#########..#'...[...
#......##..........#####....
##.##.###≈.≈#'#'#..# ##.##
#.# ## #≈⌠≈#...#≈.# #.## #.#
#≈≈≈#...#≈.# #.## #.#
#####...#≈8######... #.#
####''####.....### #.#
#@.#...##.####.# # #.#
#..'.####...>#.# # #.#
########..##.#.### ####.####
####...#....... #.......#
###...#.(#..#.###
#.##.##.######)..........#.#
# #...........##.##..##.#.#
#.#####.#########.##.......#
#.......# #.##########


There were no monsters in sight!

Vanquished Creatures
  A gnoll (D:1)
  A worm (D:1)
  2 dart slugs
  3 leopard geckos
  A ball python (D:2)
  2 giant cockroaches
  6 goblins
  4 hobgoblins
  3 jackals (D:1)
  A quokka (D:2)
  5 bats
  3 frilled lizards
  6 kobolds
  6 rats
44 creatures vanquished.

Notes
Turn   | Place    | Note
-------+----------+-------------------------------------------
     0 | D:1      | Romulous the Minotaur Fighter began the quest for the Orb.
     0 | D:1      | Reached XP level 1. HP: 19/19 MP: 0/0
   230 | D:1      | Reached XP level 2. HP: 24/27 MP: 1/1
   402 | D:1      | Reached XP level 3. HP: 33/33 MP: 2/2
  1200 | D:2      | Found a shimmering altar of Xom.
  1481 | D:2      | Found a faded altar of an unknown god.
  1508 | D:2      | Became a worshipper of Trog the Wrathful
  1508 | D:2      | Reached * piety under Trog
  1557 | D:2      | Found a hazy altar of Hepliaklqana.
  1910 | D:$      | Got out of the dungeon alive.

Skill      XL: |  1  2  3 |
---------------+----------+-----
Shields        | 4 |  4.2
Armour         | 4 |  4.2
Fighting       | 4 |  4.0
Axes           | 3 |  3.7
Dodging        | |  0.2

Action                   || total
-------------------------++-------
Melee: War axe           ||    97
       Headbutt          ||     9
  Eat: Bread ration      ||     1
Armor: Scale mail        ||    50
Dodge: Dodged            ||    24
Block: Shield            ||    64
